 Dungeon Crawl Stone Soup version 0.20.0-8-g6b59dc7 (webtiles) character file.

706303 JeffiDaFish the Gargoyle Barricade (level 27, -11/174 HPs)
             Began as a Gargoyle Fighter on May 31, 2017.
             Was the Champion of Okawaru.
             Killed by divine providence
             ... invoked by a greater mummy
              (12 damage)
             ... while paralysed by an ancient lich
             ... on level 3 of the Tomb of the Ancients on June 1, 2017.
             The game lasted 03:42:11 (63217 turns).

JeffiDaFish the Gargoyle Barricade (GrFi)          Turns: 63217, Time: 03:42:13

Health: -11/174    AC: 72    Str: 23 (28) XL:     27
Magic:  40/40      EV:  2    Int:  3 (10) God:    Okawaru [******]
Gold:   9828       SH:  0    Dex: 27      Spells: 26/26 levels left

rFire    + + .     SeeInvis +   L - +5 eveningstar (holy)
rCold    + + .     Gourm    .   Z - +0 large shield "Xuaza" {rF+ rCorr Str+2 Stlth+}
rNeg     + . .     Faith    .   R - +7 gold dragon scales
rPois    ∞         Spirit   .   F - +2 helmet {SInv}
rElec    +         Reflect  .   c - +2 cloak {rC+}
rCorr    +         Harm     .   G - +2 pair of gloves {Str+3}
MR       ++...                  u - +5 pair of boots "Osiraat" {+Blink rCorr MP+9 Int-4}
Stlth    ..........             U - amulet of Vitality {Regen+ HP+15}
Regen    0.8/turn               l - +5 ring of dexterity
MPRegen  0.3/turn               T - +5 ring of dexterity

@: paralysed, brilliant, flying, slowed, lost intelligence, studying Charms,
drained
A: big wings, icy blue scales 1, yellow scales 1, blurry vision 1, dopey 1,
frail 2, negative energy resistance 1, sense surroundings 1, electricity
resistance, unbreathing, petrification resistance, rot immunity, AC +20
}: 4/15 runes: decaying, silver, abyssal, gossamer
a: Stop Flying, Heroism, Finesse, Renounce Religion, Evoke Blink


You were on level 3 of the Tomb of the Ancients.
You worshipped Okawaru.
Okawaru was exalted by your worship.
You were not hungry.

You visited 10 branches of the dungeon, and saw 50 of its levels.
You visited the Abyss 5 times.
You also visited: Labyrinth, Bailey, Ice Cave and Volcano.

You collected 10921 gold pieces.
You spent 1093 gold pieces at shops.

Inventory:

Hand Weapons
 H - a +9 demon whip of electrocution
 L - a +5 eveningstar of holy wrath (weapon)
Armour
 c - a +2 cloak of cold resistance (worn)
 u - the +5 pair of boots "Osiraat" (worn) {+Blink rCorr MP+9 Int-4}
   (Okawaru gifted it to you on level 4 of the Lair of Beasts)

   It affects your intelligence (-4).
   It affects your magic capacity (+9).
   It lets you blink.
   It protects you from acid and corrosion.
 F - a +2 helmet of see invisible (worn)
 G - a +2 pair of gloves of strength (worn)
 P - a +4 large shield of protection
 R - +7 gold dragon scales (worn)
 Z - the +0 large shield "Xuaza" (worn) {rF+ rCorr Str+2 Stlth+}
   (Okawaru gifted it to you on level 5 of the Vaults)

   It affects your strength (+2).
   It protects you from fire.
   It protects you from acid and corrosion.
   It makes you more stealthy.
Jewellery
 l - a +5 ring of dexterity (left hand)
 q - an uncursed ring of protection from fire
 T - a +5 ring of dexterity (right hand)
 U - the amulet of Vitality (around neck) {Regen+ HP+15}
   (You took it off a deep elf demonologist on level 3 of the Elven Halls)

   [amulet of regeneration]

   It affects your health (+15).
   It increases your rate of regeneration.
Scrolls
 b - 3 scrolls of blinking
 d - 6 scrolls of teleportation
 e - 2 scrolls of summoning
 k - 28 scrolls of remove curse
 p - 11 scrolls of magic mapping
 v - 4 scrolls of enchant weapon
 y - 2 scrolls of fear
 I - 3 scrolls of silence
 K - 16 scrolls of identify
 V - 6 scrolls of fog
Potions
 a - 6 potions of might
 m - 8 potions of agility
 n - 3 potions of cancellation
 o - 7 potions of resistance
 s - 12 potions of curing
 t - 6 potions of ambrosia
 A - 3 potions of invisibility
 D - 2 potions of berserk rage
 J - 11 potions of heal wounds
 Q - 3 potions of haste
 S - 4 potions of brilliance
Books
 g - Sif Muna's Guide on Hexes
   (You found it on level 5 of the Dungeon)

   Spells                             Type                      Level
   a - Confusing Touch                Hexes                        1
 j - a Necronomicon

   Spells                             Type                      Level
   a - Haunt                          Necromancy/Summoning         7
   b - Borgnjor's Revivification      Necromancy                   8
   c - Death's Door                   Charms/Necromancy            8
   d - Infestation                    Necromancy                   8
   e - Necromutation                  Transmutation/Necromancy     8
 z - a book of Annihilations

   Spells                             Type                      Level
   a - Poison Arrow                   Conjuration/Poison           6
   b - Chain Lightning                Conjuration/Air              8
   c - Lehudib's Crystal Spear        Conjuration/Earth            8
   d - Glaciate                       Conjuration/Ice              9
   e - Fire Storm                     Conjuration/Fire             9
 M - a manual of Charms
Comestibles
 f - 32 bread rations
 h - 14 royal jellies
 i - 34 meat rations
 w - 47 fruits


   Skills:
 O Level 27(26.7) Fighting
 + Level 25.5(25.3) Maces & Flails
 + Level 18.5(18.3) Armour
 + Level 8.3(8.1) Dodging
 + Level 2.9(2.8) Stealth
 O Level 27(26.7) Shields
 - Level 10.7(10.5) Invocations
 + Level 11.4(11.2) Evocations


You had 26 spell levels left.
You didn't know any spells.

Dungeon Overview and Level Annotations

Branches:
Dungeon (15/15)            Temple (0/1) D:5            Lair (6/6) D:9
  Swamp (4/4) Lair:2       Spider (4/4) Lair:4        Slime (0/5) Lair:5
    Orc (2/2) D:12            Elf (3/3) Orc:2        Vaults (5/5) D:14
  Crypt (3/3) Vaults:3       Tomb (3/3) Crypt:3      Depths (5/5) D:15
    Zot (0/5) Depths:5

Altars:
Ashenzari
Cheibriados
Gozag
Hepliaklqana
Kikubaaqudgha
Makhleb
Okawaru
Qazlal
Ru
Sif Muna
Trog
Uskayaw
Xom
Yredelemnul
Zin
The Shining One
Jiyva

Shops:
D:4 ?   D:5 *[!(%   D:7 [   D:11 :   Orc:1 [   Orc:2 }?((   Vaults:1 [
Vaults:4 %   Depths:3 *   Depths:5 [(::

Portals:
Hell: Depths:1 Depths:2 Depths:3 Depths:4 Depths:5
Abyss: Depths:3 Depths:4 Depths:5
Pandemonium: Depths:1 Depths:2 Depths:3 Depths:5
Ziggurat: Depths:3
Trove: D:12 (give +6 demon whip)

Annotations:
D:14 1 runed door
Depths:4 2 runed doors


Innate Abilities, Weirdness & Mutations

You are resistant to torment.
Your stone body is resilient. (AC +20)
You are immune to poison.
Your large and strong wings let you fly indefinitely.
You resist negative energy. (rN+)
You are resistant to electric shocks. (rElec)
You can survive without breathing.
You are immune to petrification.
You are immune to rotting.
You are partially covered in icy blue scales. (AC +2)
You are partially covered in yellow scales. (AC +2)
Scrolls take you a little longer to read.
You are dopey. (Int -2)
You are very frail. (-20% HP)
You passively map a small area around you.


Message History

The death scarab bites you but does no damage.
The sixfirhy is engulfed in spectral mist.
The death scarab bites you!
* * * LOW HITPOINT WARNING * * *
The death scarab drains your vigour!
You feel yourself slow down.
The sixfirhy is engulfed in spectral mist.
The bennu pecks you but does no damage.
The bennu claws you but does no damage. x2
The ancient lich touches you but does no damage.
The sixfirhy is engulfed in spectral mist.
The ushabti is engulfed in spectral mist.
The death scarab bites you but does no damage.
The greater mummy gestures wildly while chanting.
The power of Zot is invoked against you!
Nothing appears to happen.
The emperor scorpion is engulfed in spectral mist.
The shadow slips into darkness.
The shadow flickers and vanishes for a moment.
The greater mummy points at you and mumbles some strange words.
Something smites you!
You die...

, *#......#
* , ,
#......# ,
,
*#......#*,
,, ,
,#WM..MM#
,W#.MzM4M#
,


,WMMMMMbzbM ,, #zWbzbz# , , , #MWzbbM#, , , #WsMML@# , , #WMsMss# , , ,
#.Wnsssss** , , *..Z8sMMsMM* , , M§Z3s3MssM. *, .§§L§§.Z....* , M§.........M. ,
* ......M......# * * , You could see 3 greater mummies, 7 emperor scorpions, an
ancient lich, a revenant, 6 bennus, 4 ancient champions, 4 mummy priests, a
skeletal warrior, 2 flayed ghosts, a sun demon, a shadow wraith (invisible), 16
guardian mummies, an ushabti, a freezing wraith, a spectral five-headed hydra, a
spectral catoblepas, a spectral storm dragon, a sixfirhy, 2 hungry ghosts, a
chaos spawn, 7 death scarabs, a necrophage, 2 shadows, a flying skull and 4
mummies.

Vanquished Creatures
  Mara (Swamp:4)
  3 ancient liches
  Mennas (Crypt:1)
  2 juggernauts
  15 greater mummies
  Boris (Tomb:1)
  2 caustic shrikes (Depths:4)
  Bai Suzhen (Spider:3)
  Nikola (Spider:3)
  Jory (Depths:4)
  7 golden dragons
  the Enchantress (Depths:2)
  A profane servitor (Crypt:3)
  2 bone dragons
  Arachne (Spider:3)
  Jorgrun (Elf:3)
  2 hellephants (Abyss:3)
  6 tentacled monstrosities
  An Ice Fiend (IceCv)
  12 liches
  2 deep elf blademasters (Elf:3)
  2 quicksilver dragons
  3 deep elf master archers (Elf:3)
  3 titans
  14 sphinxes
  Asterion (Spider:3)
  An Executioner (Abyss:2)
  4 tentacled starspawn
  4 ancient champions
  Gastronok (Lair:2)
  Roxanne (D:15)
  5 thorn hunters
  6 shadow dragons
  A draconian monk (Depths:5)
  8 storm dragons
  19 fire giants
  12 tengu reavers
  4 revenants
  14 deep elf sorcerers
  5 iron dragons
  2 orc warlords
  Aizul (Depths:2)
  3 draconian shifters
  16 frost giants
  14 vault wardens
  4 emperor scorpions
  3 curse skulls
  3 deep elf elementalists
  A cacodemon (Depths:3)
  2 ghouls
  3 ghost moths
  5 spriggan defenders
  33 stone giants
  16 very ugly things
  2 war gargoyles (Vaults:5)
  A black draconian (Depths:5)
  2 green draconians (Depths:5)
  24 ironheart preservers
  3 bennus
  6 entropy weavers
  8 dire elephants (Abyss:3)
  14 vampire knights
  8 deep elf annihilators
  Azrael (D:13)
  8 deep elf demonologists
  4 purple draconians (Depths:5)
  A white draconian (Depths:5)
  9 spark wasps
  The ghost of Arivia the Severer, a journeyman HOMo of Makhleb (D:11)
  An eidolon (Crypt:2)
  Snorg (D:11)
  27 ettins
  16 mummy priests
  A green death (Abyss:2)
  7 deep elf death magi
  29 fire dragons
  A minotaur (Lab)
  19 jiangshi
  20 yaktaur captains
  19 great orbs of eyes
  Fannar (D:11)
  A quicksilver dragon skeleton (Crypt:1)
  7 deep elf high priests
  5 rakshasas
  12 ice dragons
  A hell beast (Depths:5)
  26 hydras
  35 vault guards
  11 centaur warriors
  8 death knights
  24 ogre magi
  4 spriggan air magi
  2 anacondas (Lair:6)
  An alligator (shapeshifter) (Depths:5)
  63 two-headed ogres
  A two-headed ogre (shapeshifter) (Vaults:5)
  15 alligators
  31 dancing weapons
  10 deep troll shamans
  6 death yaks (Lair:4)
  11 death scarabs
  Urug (D:12)
  11 deep troll earth magi
  4 orc high priests
  7 tengu warriors
  A titan zombie (Vaults:4)
  6 vampire magi
  27 deep elf knights
  A soul eater (Abyss:2)
  The ghost of morik the Destroyer, a novice DrCj of Sif Muna (D:8)
  A sun demon (Depths:2)
  7 thrashing horrors (Abyss:2)
  3 spriggan berserkers
  7 hell knights
  2 titan skeletons
  4 wretched stars
  4 spatial maelstroms
  A fire crab (shapeshifter) (Vaults:5)
  5 shadow wraiths
  4 unseen horrors
  10 flayed ghosts
  28 deep trolls
  A gelid demonspawn (Depths:3)
  2 iron trolls
  2 sixfirhies
  27 skeletal warriors
  2 glowing orange brains
  A storm dragon skeleton (Tomb:1)
  A shadow demon (Depths:2)
  8 swamp dragons
  A glowing orange brain (shapeshifter) (Depths:4)
  An obsidian statue (Depths:1)
  A spriggan druid (Swamp:3)
  An infernal demonspawn (Depths:2)
  A quicksilver dragon simulacrum (Abyss:2)
  A swamp dragon (shapeshifter) (Vaults:5)
  16 ironbrand convokers
  20 starcursed masses
  A tengu zombie (Vaults:4)
  3 torturous demonspawn
  8 necromancers
  A harpy (Vaults:1)
  2 shadow dragon zombies
  2 golden dragon skeletons
  80 deep elf magi
  19 phantasmal warriors
  5 shambling mangroves
  21 deep elf archers
  12 wizards
  A frost giant zombie (Crypt:1)
  13 orb spiders
  An iron dragon zombie (Crypt:2)
  8 orc sorcerers
  17 orc knights
  2 stone giant zombies
  5 oklob plants
  2 shadow dragon skeletons
  45 wolf spiders
  5 manticores
  9 cyclopes
  4 worldbinders
  A spectral ettin (Crypt:3)
  17 elephants
  A shining eye (shapeshifter) (Depths:2)
  A cyclops (shapeshifter) (D:14)
  51 ugly things
  4 moths of wrath
  4 ice statues
  A fire giant skeleton (Crypt:2)
  2 frost giant skeletons
  5 torpor snails
  2 rust devils
  5 toenail golems (Volcano)
  A guardian serpent (shapeshifter) (Depths:1)
  An eye of devastation (Abyss:2)
  Psyche (D:9)
  10 black mambas
  9 vault sentinels
  2 orange demons
  4 smoke demons
  Maurice (D:11)
  A storm dragon simulacrum (Vaults:3)
  An elephant slug zombie (Crypt:2)
  A rime drake (shapeshifter) (Depths:2)
  5 kobold demonologists
  A komodo dragon (shapeshifter) (Depths:3)
  An efreet (D:14)
  20 spiny frogs
  A hellion (Depths:1)
  6 ice devils
  2 centaur skeletons
  A dire elephant skeleton (Abyss:2)
  53 yaktaurs
  4 rime drakes
  2 yaktaur zombies
  13 freezing wraiths
  13 komodo dragons
  12 demonic crawlers
  2 anaconda simulacra (IceCv)
  2 hellwings
  A pale draconian skeleton (Crypt:2)
  A golden dragon simulacrum (Crypt:3)
  21 guardian mummies
  4 red devils
  A hydra zombie (Crypt:1)
  59 jumping spiders
  8 ancient zymes
  2 tengu conjurers
  11 trolls
  3 tyrant leeches
  10 polar bears (Lair:6)
  A hydra skeleton (Crypt:2)
  A meliai (shapeshifter) (Depths:2)
  A polar bear (shapeshifter) (Depths:5)
  A harpy skeleton (Crypt:1)
  A queen bee (shapeshifter) (Vaults:2)
  2 hornets (shapeshifter)
  A blink frog (shapeshifter) (Vaults:3)
  24 hornets
  21 large abominations
  35 blink frogs
  A fire dragon zombie (Crypt:1)
  A dream sheep (shapeshifter) (Depths:4)
  5 bog bodies
  10 hippogriffs
  9 dream sheep (Lair:6)
  6 raiju (Abyss:2)
  2 human simulacra (Vaults:3)
  An ettin zombie (Crypt:2)
  7 shadows
  3 tarantellas (shapeshifter)
  An ettin skeleton (Tomb:1)
  68 flying skulls
  36 slime creatures
  A spriggan (shapeshifter) (Depths:1)
  71 redbacks
  A satyr skeleton (Crypt:2)
  7 ynoxinuls
  6 air elementals
  15 spriggans
  A tyrant leech zombie (Crypt:1)
  3 wyverns
  2 water elementals
  12 wraiths
  A golden eye (shapeshifter) (D:14)
  7 fire elementals
  33 yaks
  3 dire elephant simulacra (IceCv)
  A human (D:6)
  A yak (shapeshifter) (D:14)
  41 tarantellas
  3 basilisks
  2 hungry ghosts
  3 fire bats (Lair:4)
  6 golden eyes (Abyss:2)
  A chaos spawn (Abyss:2)
  11 ushabtiu
  3 steam dragons
  12 vampire mosquitoes
  3 neqoxecs
  A harpy simulacrum (IceCv)
  4 spatial vortices (Abyss:3)
  A faun zombie (Crypt:2)
  4 acid dragons
  11 insubstantial wisps
  15 wargs
  A soldier ant (D:11)
  17 hell hounds
  9 iron troll simulacra (IceCv)
  19 swamp worms
  14 water moccasins
  8 porcupines
  2 floating eyes (Depths:4)
  3 hydra simulacra (IceCv)
  The ghost of sleeves the Skirmisher, an amateur OgBe of Trog (D:3)
  A floating eye (shapeshifter) (Vaults:4)
  3 sky beasts
  14 black bears
  53 orc warriors
  A manticore zombie (Tomb:2)
  An eye of draining (shapeshifter) (Depths:1)
  7 necrophages
  17 swamp drakes
  2 black bears (shapeshifter)
  2 ice beasts
  2 eyes of draining
  An ettin simulacrum (IceCv)
  17 wolves
  A snapping turtle skeleton (Crypt:1)
  12 centaurs
  48 ogres
  3 boggarts
  5 big kobolds
  21 crocodiles
  13 bullfrogs
  A komodo dragon skeleton (Crypt:2)
  17 small abominations
  4 earth elementals
  A glowing shapeshifter simulacrum (Vaults:3)
  A hornet simulacrum (D:15)
  A wyvern skeleton (D:6)
  A water moccasin zombie (D:6)
  8 scorpions
  An elephant simulacrum (IceCv)
  8 killer bees (D:11)
  10 wights
  4 electric eels
  A howler monkey (D:9)
  12 crimson imps
  5 centaur zombies
  2 bullfrog zombies
  4 quasits
  2 draconian simulacra (IceCv)
  7 hounds
  A basilisk zombie (Crypt:2)
  8 jellies
  A demonspawn zombie (Crypt:1)
  19 orc priests
  A bullfrog skeleton (D:6)
  A gnoll shaman (D:5)
  3 iron imps (Abyss:2)
  20 orc wizards
  6 iguanas
  A porcupine zombie (Crypt:2)
  14 worker ants
  A polar bear simulacrum (IceCv)
  A killer bee zombie (D:7)
  6 troll simulacra (IceCv)
  A big kobold zombie (Crypt:2)
  3 centaur simulacra (IceCv)
  A deep dwarf skeleton (Crypt:1)
  A hound skeleton (D:6)
  A hound zombie (D:7)
  34 mummies
  3 worker ant zombies
  A howler monkey zombie (D:10)
  3 gnolls (D:5)
  6 naga simulacra (IceCv)
  18 adders
  An ogre simulacrum (IceCv)
  A steam dragon skeleton (Crypt:1)
  7 shadow imps
  7 white imps
  8 ufetubi
  2 oozes
  2 worms (D:3)
  3 dart slugs
  4 leopard geckos
  114 orcs
  4 giant cockroaches
  4 goblins
  12 hobgoblins
  16 jackals
  4 quokkas
  A ball python (D:3)
  9 bats
  10 frilled lizards
  29 kobolds
  A leopard gecko skeleton (Crypt:1)
  2 quokka skeletons (D:6)
  5 rats
  2 plants (Lair:6)
  6 starspawn tentacles
2979 creatures vanquished.

Vanquished Creatures (collateral kills)
  A kobold (D:14)
1 creature vanquished.

Vanquished Creatures (others)
  A deep elf sorcerer (Vaults:4)
  A deep elf annihilator (Vaults:5)
  3 death scarabs (Tomb:2)
  A skeletal warrior (Tomb:2)
  A wolf spider zombie (Tomb:2)
  6 flying skulls (Tomb:2)
  A shadow (Vaults:3)
  4 redbacks (Spider:3)
  A water elemental (Elf:3)
  A wraith (D:12)
  3 ogres
  A boggart (Depths:2)
  3 mummies (Tomb:2)
  A shadow imp (Abyss:2)
  A white imp (Depths:1)
  An ufetubus (Depths:1)
  9 fungi
  A lurking horror (Abyss:3)
  27 plants
  3 starspawn tentacles
70 creatures vanquished.

Grand Total: 3050 creatures vanquished

Notes
Turn   | Place    | Note
-------+----------+-------------------------------------------
     0 | D:1      | JeffiDaFish the Gargoyle Fighter began the quest for the Orb.
     0 | D:1      | Reached XP level 1. HP: 14/14 MP: 1/1
   142 | D:1      | Reached XP level 2. HP: 19/19 MP: 2/2
   450 | D:1      | Reached XP level 3. HP: 23/23 MP: 3/3
  1141 | D:2      | Found an iron altar of Okawaru.
  1150 | D:2      | Reached XP level 4. HP: 28/28 MP: 4/4
  1185 | D:2      | Became a worshipper of Warmaster Okawaru
  2050 | D:3      | Reached XP level 5. HP: 32/32 MP: 5/5
  2141 | D:3      | Noticed sleeves's ghost (amateur OgBe)
  2152 | D:3      | Killed sleeves's ghost
  2152 | D:3      | Reached skill level 1 in Dodging
  2155 | D:3      | Reached XP level 6. HP: 29/38 MP: 6/6
  2600 | D:3      | Found a bloodstained altar of Trog.
  2874 | D:4      | Found Mujodig's Magic Scroll Emporium.
  2993 | D:4      | Bought a scroll of enchant armour for 97 gold pieces
  2993 | D:4      | Bought a scroll of enchant armour for 97 gold pieces
  3054 | D:4      | Reached skill level 5 in Shields
  3101 | D:4      | Reached * piety under Okawaru
  3177 | D:4      | Found a stormy altar of Qazlal.
  3207 | D:4      | Reached XP level 7. HP: 43/43 MP: 7/7
  3278 | D:4      | Found a sacrificial altar of Ru.
  3366 | D:4      | Found a bloodstained altar of Trog.
  3474 | D:5      | Entered Level 5 of the Dungeon
  3977 | D:5      | Found Muxum's General Store.
  3985 | D:5      | Found a staircase to the Ecumenical Temple.
  4042 | D:5      | Reached skill level 5 in Maces & Flails
  4062 | D:5      | Found Raeso's Distillery.
  4368 | D:5      | Reached ** piety under Okawaru
  4488 | D:5      | Found Dymm's Food Emporium.
  4547 | D:5      | Reached XP level 8. HP: 48/48 MP: 8/8
  4579 | D:5      | Found Neagyis's Antique Armour Boutique.
  4582 | D:5      | Found a deep blue altar of Sif Muna.
  4843 | D:5      | Reached skill level 5 in Armour
  4898 | D:5      | Found Ykedd's Weapon Boutique.
  4953 | D:5      | Identified Sif Muna's Guide on Hexes
  5343 | D:6      | Found a runed door.
  5348 | D:6      | Found a basalt altar of Yredelemnul.
  5387 | D:6      | Reached *** piety under Okawaru
  5515 | D:6      | Reached skill level 5 in Fighting
  5515 | D:6      | Reached XP level 9. HP: 51/54 MP: 9/9
  5550 | D:6      | Found a glowing golden altar of the Shining One.
  5550 | D:6      | Found a glowing silver altar of Zin.
  5586 | D:6      | Reached skill level 1 in Evocations
  5771 | D:6      | Found a snail-covered altar of Cheibriados.
  5826 | D:6      | Found a hazy altar of Hepliaklqana.
  6404 | D:7      | Noticed a hand axe
  6405 | D:7      | Found a hide-covered altar of Uskayaw.
  6406 | D:7      | Noticed a dagger
  6609 | D:7      | Reached **** piety under Okawaru
  6655 | D:7      | Found Side Xops's Antique Armour Shop.
  6909 | D:8      | Noticed morik's ghost (novice DrCj)
  6946 | D:8      | Killed morik's ghost
  6946 | D:8      | Reached XP level 10. HP: 12/60 MP: 10/10
  7088 | D:8      | Found a shimmering altar of Xom.
  7139 | D:8      | Noticed a two-headed ogre
  7152 | D:8      | Killed a two-headed ogre
  7152 | D:8      | Reached ***** piety under Okawaru
  7735 | D:9      | Found an opulent altar of Gozag.
  7918 | D:5      | Bought a +2 helmet of see invisible for 322 gold pieces
  8007 | D:9      | Reached skill level 1 in Stealth
  8145 | D:9      | Found a staircase to the Lair.
  8193 | D:9      | Reached skill level 10 in Maces & Flails
  8227 | D:9      | Received a gift from Okawaru
  8392 | D:9      | Found a sacrificial altar of Ru.
  8424 | D:9      | Found a burning altar of Makhleb.
  8428 | D:9      | Got an ancient whip
  8429 | D:9      | Identified the +8 whip of Debt {pain, rPois rF- Str+3} (You found it on level 9 of the Dungeon)
  8479 | D:9      | Noticed Psyche
  8491 | D:9      | Killed Psyche
  8497 | D:9      | Gained mutation: You are dopey. (Int -2) [potion of mutation]
  8497 | D:9      | Gained mutation: You are partially covered in icy blue scales. (AC +2) [potion of mutation]
  8497 | D:9      | Gained mutation: You passively map a small area around you. [potion of mutation]
  8497 | D:9      | Gained mutation: You are partially covered in yellow scales. (AC +2) [potion of mutation]
  8603 | D:9      | Noticed a manticore
  8618 | D:9      | Killed a manticore
  8618 | D:9      | Received a gift from Okawaru
  8618 | D:9      | Reached XP level 11. HP: 50/67 MP: 12/12
  8825 | Lair:1   | Entered Level 1 of the Lair of Beasts
  8825 | Lair:1   | Noticed a four-headed hydra
  8839 | D:9      | Reached skill level 10 in Shields
  8968 | D:9      | Killed a four-headed hydra
  9000 | Lair:1   | Noticed an eight-headed hydra
  9018 | Lair:1   | Killed an eight-headed hydra
  9141 | Lair:1   | Noticed an oklob plant
  9383 | Lair:1   | Noticed an oklob plant
  9444 | Lair:1   | Noticed an oklob plant
  9635 | Lair:1   | Noticed a wolf spider
  9650 | Lair:1   | Killed a wolf spider
  9890 | Lair:2   | Found a staircase to the Swamp.
 10000 | Lair:2   | Reached ****** piety under Okawaru
 10103 | Lair:2   | Reached XP level 12. HP: 73/73 MP: 13/13
 10173 | Lair:2   | Noticed a six-headed hydra
 10188 | Lair:2   | Killed a six-headed hydra
 10256 | Lair:2   | Received a gift from Okawaru
 10451 | Lair:2   | Noticed Gastronok
 10471 | Lair:2   | Killed Gastronok
 10539 | Lair:2   | Noticed a seven-headed hydra
 10569 | Lair:1   | Killed a seven-headed hydra
 10819 | Lair:3   | Received a gift from Okawaru
 11348 | Lair:3   | Reached XP level 13. HP: 80/80 MP: 14/14
 11717 | Lair:4   | Found a hole to the Spider Nest.
 11981 | D:5      | Bought a pair of runed gloves for 202 gold pieces
 12216 | Lair:4   | Found a dark tunnel.
 12225 | Volcano  | Entered a volcano
 12227 | Volcano  | Cast into level 2 of the Abyss (a wizard)
 12323 | Volcano  | Escaped the Abyss
 12419 | Volcano  | Reached skill level 10 in Fighting
 12461 | Volcano  | Received a gift from Okawaru
 12466 | Volcano  | Cast into level 2 of the Abyss (a wizard)
 12481 | Abyss:2  | Noticed a tentacled starspawn
 12486 | Abyss:2  | Killed a tentacled starspawn
 12661 | Abyss:2  | Noticed a starcursed mass
 12765 | Abyss:2  | Noticed a starcursed mass
 12772 | Abyss:2  | Noticed a purple very ugly thing
 12772 | Abyss:2  | Noticed a purple very ugly thing
 12789 | Abyss:2  | Noticed a white very ugly thing
 12792 | Abyss:2  | Found a corrupted altar of Lugonu.
 12827 | Abyss:2  | Gained mutation: You are frail. (-10% HP) [a neqoxec]
 12875 | Volcano  | Escaped the Abyss
 12892 | Volcano  | Got faintly humming storm dragon scales {god gift}
 12903 | Volcano  | Identified the +3 storm dragon scales of Xentaa {rElec rF+ MR+ rCorr Int-4} (Okawaru gifted it to you in a volcano)
 12977 | Volcano  | Gained mutation: Your large and strong wings let you fly indefinitely. [Gargoyle growth]
 12977 | Volcano  | Reached XP level 14. HP: 79/79 MP: 15/15
 13361 | Lair:4   | Received a gift from Okawaru
 13366 | Lair:4   | Got a pair of twisted boots {god gift}
 13372 | Lair:4   | Identified the +5 pair of boots "Osiraat" {+Blink rCorr MP+9 Int-4} (Okawaru gifted it to you on level 4 of the Lair of Beasts)
 13372 | Lair:4   | Lost intelligence.
 13401 | Lair:4   | Reached skill level 10 in Armour
 14129 | Lair:5   | Found a runed door.
 14132 | Lair:5   | Found a viscous altar of Jiyva.
 14133 | Lair:5   | Found a staircase to the Slime Pits.
 14515 | Lair:5   | Reached skill level 5 in Dodging
 14722 | Lair:5   | You fall through a shaft!
 14722 | Lair:6   | Entered Level 6 of the Lair of Beasts
 14796 | Lair:6   | Reached skill level 15 in Shields
 15079 | Lair:6   | Received a gift from Okawaru
 15092 | Lair:6   | Got a pair of ichor-stained boots {god gift}
 15098 | Lair:6   | Identified the +0 pair of boots "Qeh Virho" {rC+ rN+ MR+} (Okawaru gifted it to you on level 6 of the Lair of Beasts)
 15353 | Lair:6   | Reached XP level 15. HP: 73/86 MP: 16/16
 16158 | Lair:6   | Received a gift from Okawaru
 16825 | Lair:1   | Reached skill level 15 in Maces & Flails
 16885 | D:10     | Entered Level 10 of the Dungeon
 17611 | D:11     | Noticed Maurice
 17617 | D:11     | Killed Maurice
 17668 | D:11     | Noticed Arivia's ghost (journeyman HOMo)
 17691 | D:11     | Killed Arivia's ghost
 17703 | D:11     | Found a flagged portal.
 17747 | Bailey   | Entered a bailey
 17868 | Bailey   | Identified a scroll of acquirement
 17869 | Bailey   | Got a polished shield
 17880 | Bailey   | Identified the +0 shield of Atheism {MR+ Dex+7} (You acquired it in a bailey)
 17884 | Bailey   | Found an iron altar of Okawaru.
 18079 | D:11     | Noticed Fannar
 18091 | D:11     | Killed Fannar
 18210 | D:11     | Found Wemenk's Book Emporium.
 18268 | D:11     | Noticed Snorg
 18285 | D:11     | Killed Snorg
 18435 | D:11     | Received a gift from Okawaru
 18597 | D:12     | Found a staircase to the Orcish Mines.
 18791 | D:12     | Found a portal to a secret trove of treasure.
 18891 | D:12     | Noticed Urug
 18912 | D:12     | Killed Urug
 18939 | D:12     | Found a labyrinth entrance.
 18950 | Lab      | Entered a labyrinth
 19119 | Lab      | Reached XP level 16. HP: 93/93 MP: 17/17
 19123 | Lab      | Identified the Grimoire of the Unstable Birds
 19124 | Lab      | Got a brightly glowing marble ring
 19124 | Lab      | Got a clouded amber ring
 19127 | D:12     | Identified the ring "Koameamm" {rPois MR+ Stlth+} (You found it in a labyrinth)
 19128 | D:12     | Identified the ring of the Sky {*Drain rElec Int+3 Dex+3} (You found it in a labyrinth)
 19844 | D:13     | Noticed Azrael
 19869 | D:13     | Killed Azrael
 20497 | D:13     | Found a runed door.
 20765 | D:14     | Found a gate to the Vaults.
 20807 | D:14     | Received a gift from Okawaru
 20860 | D:14     | Found a glowing silver altar of Zin.
 20861 | D:14     | Found a runed door.
 20861 | D:14     | Noticed a daeva
 21407 | D:15     | Entered Level 15 of the Dungeon
 21468 | D:15     | Noticed Roxanne
 21478 | D:15     | Found an opulent altar of Gozag.
 21502 | D:15     | Killed Roxanne
 22372 | D:15     | Received a gift from Okawaru
 22444 | D:15     | Identified the +2 pair of boots of the Heron {MR- Regen+ Slay+3} (Okawaru gifted it to you on level 15 of the Dungeon)
 22460 | D:15     | Found a staircase to the Depths.
 22696 | Orc:1    | Entered Level 1 of the Orcish Mines
 23013 | Orc:1    | Found Fegoded's Armour Boutique.
 23243 | Orc:2    | Entered Level 2 of the Orcish Mines
 23394 | Orc:2    | Reached XP level 17. HP: 97/100 MP: 18/18
 24039 | Orc:2    | Found a staircase to the Elven Halls.
 24183 | Orc:2    | Found Lyocs's Weapon Boutique.
 24481 | Orc:2    | Found Ahinekk's Gadget Boutique.
 24490 | Orc:2    | Found Axkyl's Weapon Shoppe.
 24511 | Orc:2    | Found Qoemniz's Magic Scroll Shoppe.
 24570 | Orc:2    | Bought a scroll of enchant armour for 75 gold pieces
 24570 | Orc:2    | Bought a scroll of enchant weapon for 75 gold pieces
 24570 | Orc:2    | Bought 3 scrolls of enchant weapon for 225 gold pieces
 24727 | Swamp:1  | Entered Level 1 of the Swamp
 24776 | Swamp:1  | You are sucked into a shaft!
 24776 | Swamp:2  | Noticed a tentacled monstrosity
 24789 | Swamp:2  | Killed a tentacled monstrosity
 24952 | Swamp:2  | Got a faintly glowing scarf
 25005 | Swamp:2  | Received a gift from Okawaru
 25226 | Swamp:2  | Reached skill level 15 in Fighting
 25464 | Swamp:2  | Received a gift from Okawaru
 26485 | Swamp:4  | Entered Level 4 of the Swamp
 26527 | Swamp:3  | Received a gift from Okawaru
 26527 | Swamp:3  | Reached XP level 18. HP: 97/107 MP: 19/19
 26787 | Swamp:4  | Got a decaying rune of Zot
 27155 | Swamp:4  | Noticed Mara
 27158 | Swamp:4  | Noticed JeffiDaFish's illusion
 27180 | Swamp:4  | Killed Mara
 27248 | Swamp:4  | Received a gift from Okawaru
 27251 | Swamp:4  | Got a pair of encrusted boots {god gift}
 27262 | Swamp:4  | Identified the +0 pair of boots of Light {+Fly MR- rCorr Dex+8} (Okawaru gifted it to you on level 4 of the Swamp)
 27807 | Swamp:1  | Got a bound copper amulet
 27808 | Swamp:1  | Identified the amulet of Rotum {RegenMP rF+} (You acquired it on level 1 of the Swamp)
 28056 | Spider:1 | Entered Level 1 of the Spider Nest
 29140 | Spider:2 | Reached XP level 19. HP: 107/112 MP: 20/20
 29273 | Spider:2 | Received a gift from Okawaru
 29279 | Spider:2 | Identified a +1 pair of boots of running (Okawaru gifted it to you on level 2 of the Spider Nest)
 29491 | Spider:2 | You are sucked into a shaft!
 29491 | Spider:3 | Noticed Nikola
 29512 | Spider:3 | Killed Nikola
 29544 | Spider:3 | Noticed Arachne
 29569 | Spider:3 | Killed Arachne
 29681 | Spider:3 | Noticed Bai Suzhen
 29721 | Spider:3 | Killed Bai Suzhen
 29920 | Spider:3 | Found a frozen archway.
 29953 | IceCv    | Entered an ice cave
 30669 | IceCv    | Noticed an Ice Fiend
 30686 | IceCv    | Killed an Ice Fiend
 30724 | IceCv    | Identified the Guide on Unholy Cold
 30993 | Spider:3 | Noticed Asterion
 31009 | Spider:3 | Killed Asterion
 31009 | Spider:3 | Received a gift from Okawaru
 31162 | Spider:4 | Entered Level 4 of the Spider Nest
 32041 | Spider:4 | Received a gift from Okawaru
 32121 | Spider:4 | Reached XP level 20. HP: 120/120 MP: 21/21
 32373 | Spider:4 | Got a gossamer rune of Zot
 32791 | Vaults:1 | Entered Level 1 of the Vaults
 33239 | Vaults:1 | Found Ycu Wauwass's Armour Boutique.
 33262 | Vaults:1 | Received a gift from Okawaru
 34694 | Vaults:2 | Received a gift from Okawaru
 35036 | Vaults:2 | Reached XP level 21. HP: 115/126 MP: 22/22
 35400 | Vaults:3 | Found a staircase to the Crypt.
 35742 | Vaults:3 | Got a pair of warped gloves
 35753 | Vaults:3 | Identified the +0 pair of gloves of Nichyvo {rN+ Int+3} (You acquired it on level 3 of the Vaults)
 36026 | Vaults:3 | Received a gift from Okawaru
 37117 | Vaults:4 | Received a gift from Okawaru
 37380 | Vaults:4 | Found Qacveev's Food Shoppe.
 37543 | Vaults:4 | Reached XP level 22. HP: 133/133 MP: 23/23
 38243 | Vaults:5 | Entered Level 5 of the Vaults
 38668 | Vaults:5 | Cast into level 2 of the Abyss (a deep elf demonologist)
 38862 | Abyss:2  | Found a corrupted altar of Lugonu.
 38972 | Abyss:2  | Received a gift from Okawaru
 39170 | Vaults:5 | Escaped the Abyss
 40091 | Vaults:4 | Reached XP level 23. HP: 133/140 MP: 24/24
 40214 | Vaults:5 | Received a gift from Okawaru
 40753 | Vaults:5 | Received a gift from Okawaru
 40777 | Vaults:5 | Noticed a golden dragon
 40793 | Vaults:5 | Killed a golden dragon
 41202 | Vaults:5 | Received a gift from Okawaru
 41205 | Vaults:5 | Got a translucent large shield {god gift}
 41216 | Vaults:5 | Identified the +0 large shield "Xuaza" {rF+ rCorr Str+2 Stlth+} (Okawaru gifted it to you on level 5 of the Vaults)
 41863 | Vaults:5 | Noticed an ancient lich
 41887 | Vaults:5 | Killed an ancient lich
 41958 | Vaults:5 | Reached skill level 15 in Armour
 42157 | Vaults:5 | Got a silver rune of Zot
 42209 | Vaults:5 | Reached XP level 24. HP: 147/147 MP: 24/24
 42500 | Depths:1 | Entered Level 1 of the Depths
 42580 | Depths:1 | Found a one-way gate leading to the halls of Pandemonium.
 42685 | Depths:1 | Found a snail-covered altar of Cheibriados.
 42829 | Depths:1 | Found a gateway to Hell.
 43076 | Depths:1 | Received a gift from Okawaru
 43353 | Depths:1 | Found a transporter.
 43653 | Depths:1 | Identified the Disquisition on the Nocuous Compass
 43790 | Depths:1 | Paralysed by a wizard for 4 turns
 44472 | Depths:1 | Found a transporter.
 44782 | Depths:2 | Paralysed by a great orb of eyes for 4 turns
 44820 | Depths:2 | Noticed the Enchantress
 44866 | Depths:2 | Reached skill level 5 in Evocations
 45117 | Depths:2 | Killed the Enchantress
 45137 | Depths:2 | Identified the +4 faerie dragon scales {rN+ rCorr} (You took it off the Enchantress on level 2 of the Depths)
 45338 | Depths:2 | Noticed Aizul
 45358 | Depths:2 | Killed Aizul
 45358 | Depths:2 | Received a gift from Okawaru
 45424 | Depths:2 | Noticed a juggernaut
 45456 | Depths:2 | Killed a juggernaut
 45456 | Depths:2 | Reached XP level 25. HP: 142/153 MP: 27/27
 45527 | Depths:2 | Received a gift from Okawaru
 45789 | Depths:2 | Identified the +1 pair of boots "Biwkig" {rC+ rN+} (You found it on level 2 of the Depths)
 46034 | Depths:2 | Cast into level 2 of the Abyss (a wizard)
 46493 | Abyss:2  | Paralysed by accursed screaming for 1 turns
 46505 | Abyss:2  | Paralysed by accursed screaming for 1 turns
 46552 | Abyss:2  | Found a corrupted altar of Lugonu.
 46642 | Abyss:2  | Found a corrupted altar of Lugonu.
 46852 | Depths:2 | Escaped the Abyss
 47708 | Depths:3 | Got a shimmering marble ring
 47709 | Depths:3 | Identified the ring "Bairu" {rCorr *Corrode rC+ Str+3 Stlth+} (You found it on level 3 of the Depths)
 47729 | Depths:3 | Found a gateway to a ziggurat.
 47739 | Depths:3 | Found a one-way gate to the infinite horrors of the Abyss.
 47770 | Depths:3 | Found Goirich's Island Escapes.
 47875 | Depths:3 | Paralysed by a sphinx for 7 turns
 47896 | Depths:3 | Paralysed by a great orb of eyes for 5 turns
 48407 | Depths:3 | Received a gift from Okawaru
 48645 | Depths:3 | Gained mutation: Scrolls take you a little longer to read. [a cacodemon]
 48718 | Depths:4 | Found a runed door.
 48732 | Depths:4 | Found a runed door.
 48732 | Depths:4 | Found a runed door.
 48746 | Depths:4 | Paralysed by a floating eye for 2 turns
 48754 | Depths:4 | Paralysed by a floating eye for 4 turns
 48765 | Depths:4 | Paralysed by a floating eye for 3 turns
 48789 | Depths:3 | Reached XP level 26. HP: 66/161 MP: 29/29
 48989 | Depths:4 | Paralysed by a floating eye for 2 turns
 48996 | Depths:4 | Paralysed by a floating eye for 3 turns
 49091 | Depths:4 | Reached skill level 27 in Shields
 49419 | Depths:4 | Received a gift from Okawaru
 49705 | Depths:4 | Found a shattered altar of Ashenzari.
 49706 | Depths:4 | Paralysed by a sphinx for 6 turns
 49818 | Depths:4 | Found a runed door.
 49818 | Depths:4 | Found a runed door.
 50218 | Depths:4 | Received a gift from Okawaru
 50290 | Depths:4 | Reached skill level 10 in Evocations
 50692 | Depths:4 | Noticed a juggernaut
 50713 | Depths:4 | Killed a juggernaut
 50720 | Depths:4 | Noticed Jory
 50747 | Depths:4 | Killed Jory
 50864 | Depths:4 | Reached XP level 27. HP: 166/169 MP: 30/30
 50891 | Depths:4 | Received a gift from Okawaru
 50895 | Depths:4 | Gained mutation: You are very frail. (-20% HP) [a shining eye]
 50907 | Depths:4 | Paralysed by a floating eye for 2 turns
 50917 | Depths:4 | Got a twisted demon whip {god gift}
 50918 | Depths:4 | Identified the +3 demon whip of the Living Dead {flame, rElec rC+ Str+9 Int-4} (Okawaru gifted it to you on level 4 of the Depths)
 51161 | Depths:5 | Entered Level 5 of the Depths
 51247 | Depths:5 | Found a gate to the Realm of Zot.
 51595 | Depths:5 | Received a gift from Okawaru
 51731 | Depths:5 | Found Gizos's Antique Armour Shoppe.
 51733 | Depths:5 | Found Qicloguh's Book Shoppe.
 51733 | Depths:5 | Found Gys Hali's Weapon Shoppe.
 51737 | Depths:5 | Found Juanwaf's Book Shoppe.
 52591 | Elf:1    | Entered Level 1 of the Elven Halls
 52722 | Elf:1    | Found Siahymov's Assorted Antiques.
 52824 | Elf:1    | Identified the Catalogue of Calling
 53466 | Elf:2    | Received a gift from Okawaru
 53793 | Elf:2    | Found a runed gate.
 53793 | Elf:2    | Found a runed gate.
 53794 | Elf:2    | Found a runed gate.
 53872 | Elf:2    | Reached skill level 1 in Invocations
 54334 | Elf:3    | Entered Level 3 of the Elven Halls
 54603 | Elf:3    | Received a gift from Okawaru
 54905 | Elf:3    | Cast into level 3 of the Abyss (a deep elf sorcerer)
 55018 | Abyss:3  | Paralysed by accursed screaming for 1 turns
 55020 | Abyss:3  | Found an ancient bone altar of Kikubaaqudgha.
 55030 | Abyss:3  | Found a runed door.
 55055 | Abyss:3  | Found a runed door.
 55156 | Abyss:3  | Found a corrupted altar of Lugonu.
 55221 | Abyss:3  | Reached skill level 5 in Invocations
 55254 | Abyss:3  | Found a runed door.
 55264 | Abyss:3  | Got an abyssal rune of Zot
 55306 | Abyss:3  | Found a corrupted altar of Lugonu.
 55393 | Elf:3    | Escaped the Abyss
 55530 | Elf:3    | Got a steaming golden ring
 55543 | Elf:3    | Got a flickering tin amulet
 55608 | Elf:3    | Identified the ring of the Many Cities {MP+9 Slay+3 SInv} (You took it off a deep elf sorcerer on level 3 of the Elven Halls)
 55610 | Elf:3    | Identified the amulet of Gluttony {RegenMP rC+ Dex+2} (You took it off a deep elf blademaster on level 3 of the Elven Halls)
 55657 | Elf:3    | Received a gift from Okawaru
 55662 | Elf:3    | Identified the +0 pair of boots of Neexae {*Corrode Int+2 Dex+5} (Okawaru gifted it to you on level 3 of the Elven Halls)
 56289 | Elf:3    | Noticed Jorgrun
 56307 | Elf:3    | Killed Jorgrun
 56828 | Crypt:1  | Entered Level 1 of the Crypt
 56895 | Crypt:1  | Noticed Mennas
 56948 | Crypt:1  | Killed Mennas
 58602 | Crypt:3  | Entered Level 3 of the Crypt
 58778 | Crypt:3  | Found an ancient bone altar of Kikubaaqudgha.
 58836 | Crypt:3  | Received a gift from Okawaru
 59110 | Crypt:3  | Found a staircase to the Tomb.
 59110 | Crypt:3  | Noticed an ancient lich
 59129 | Crypt:3  | Killed an ancient lich
 59632 | Crypt:3  | Received a gift from Okawaru
 59749 | Tomb:1   | Entered Level 1 of the Tomb of the Ancients
 60108 | Tomb:1   | Noticed Boris
 60132 | Tomb:1   | Killed Boris
 60136 | Tomb:1   | Noticed a greater mummy
 60176 | Tomb:1   | Killed a greater mummy
 60519 | Tomb:1   | Reached skill level 10 in Invocations
 60654 | Tomb:1   | Identified the cursed +0 pair of gloves of Orthodoxy {rElec} (You found it on level 1 of the Tomb of the Ancients)
 60848 | Tomb:2   | Noticed a greater mummy
 60849 | Tomb:2   | Noticed a greater mummy
 60850 | Tomb:2   | Noticed an ancient lich
 60860 | Tomb:2   | Noticed a greater mummy
 60866 | Tomb:2   | Noticed a greater mummy
 61178 | Tomb:2   | Received a gift from Okawaru
 61419 | Tomb:2   | Killed a greater mummy
 61439 | Tomb:2   | Killed a greater mummy
 61461 | Tomb:2   | Killed a greater mummy
 61535 | Tomb:2   | Killed a greater mummy
 61558 | Tomb:2   | Killed an ancient lich
 62104 | Tomb:1   | Noticed a greater mummy
 62104 | Tomb:1   | Noticed a greater mummy
 62107 | Tomb:1   | Noticed a greater mummy
 62107 | Tomb:1   | Noticed a greater mummy
 62110 | Tomb:1   | Killed a greater mummy
 62128 | Tomb:1   | Noticed a greater mummy
 62516 | Tomb:1   | Killed a greater mummy
 62516 | Tomb:1   | Received a gift from Okawaru
 62521 | Tomb:1   | Killed a greater mummy
 62535 | Tomb:1   | Killed a greater mummy
 62689 | Tomb:1   | Noticed a greater mummy
 62698 | Tomb:1   | Killed a greater mummy
 62698 | Tomb:1   | Lost intelligence.
 62714 | Tomb:1   | Noticed a greater mummy
 62725 | Tomb:1   | Killed a greater mummy
 62813 | Tomb:1   | Noticed a greater mummy
 62822 | Tomb:1   | Killed a greater mummy
 62884 | Tomb:1   | Noticed a greater mummy
 62896 | Tomb:1   | Killed a greater mummy
 62939 | Tomb:1   | Noticed a greater mummy
 62951 | Tomb:1   | Killed a greater mummy
 62974 | Tomb:1   | Killed a greater mummy
 62974 | Tomb:1   | Reached skill level 27 in Fighting
 63186 | Tomb:3   | Entered Level 3 of the Tomb of the Ancients
 63198 | Tomb:3   | Noticed an ancient lich
 63200 | Tomb:3   | Noticed a greater mummy
 63202 | Tomb:3   | Noticed a greater mummy
 63204 | Tomb:3   | Noticed a greater mummy
 63212 | Tomb:3   | Paralysed by an ancient lich for 6 turns
 63217 | Tomb:3   | HP: 1/174 [death scarab (9)]
 63217 | Tomb:3   | Killed from afar by a greater mummy

Skill      XL: |  1  2  3  4  5  6  7  8  9 10 11 12 13 14 15 16 17 18 19 20 21 22 23 24 25 26 27 |
---------------+----------------------------------------------------------------------------------+-----
Shields        | 4 5 6 7 8 9 11 12 14 15 17 18 19 20 21 22 23 24 25 26 27 | 27.0
Maces & Flails | 3 4 5 6 8 10 11 13 14 15 16 17 18 19 20 21 22 25 | 25.5
Armour         | 4 5 6 7 8 9 10 11 12 13 14 15 16 18 | 18.5
Dodging        | 1 2 3 4 5 6 7 8 |  8.3
Fighting       | 4 5 6 7 9 10 12 13 14 15 16 17 18 19 20 21 22 23 27 | 27.0
Evocations     | 1 2 5 8 10 11 | 11.4
Stealth        | 1 2 |  2.9
Invocations    | 10 | 10.7

Action                   |  1- 3 |  4- 6 |  7- 9 | 10-12 | 13-15 | 16-18 | 19-21 | 22-24 | 25-27 || total
-------------------------+-------+-------+-------+-------+-------+-------+-------+-------+-------++-------
Melee: Flail             |   153 |   252 |   479 |    10 |       |       |       |       |       ||   894
       Morningstar       |       |       |       |   231 |       |       |       |       |       ||   231
       Demon whip        |       |       |       |   406 |  1841 |  2020 |  2316 |  2172 |  2959 || 11714
       Eveningstar       |       |       |       |       |       |       |       |       |  1238 ||  1238
 Abil: Fly               |       |       |       |       |     1 |       |       |       |     1 ||     2
       Evoke Blink       |       |       |       |       |       |       |     1 |     2 |     2 ||     5
       Stop Flying       |       |       |       |       |       |       |       |     1 |       ||     1
Evoke: Wand              |       |       |     9 |    14 |       |       |       |       |       ||    23
  Use: Scroll            |     4 |    10 |     4 |     7 |    15 |    30 |    14 |    10 |    17 ||   111
       Potion            |     3 |     7 |     7 |     6 |     1 |     1 |     2 |     2 |     7 ||    36
 Stab: Confused          |       |       |       |       |     2 |       |       |       |       ||     2
       Held in net/web   |       |       |       |       |       |       |     3 |       |       ||     3
       Distracted        |       |       |       |       |       |       |       |     1 |       ||     1
  Eat: Chunk             |     1 |     7 |    13 |    13 |    24 |    35 |    24 |    28 |    45 ||   190
       Royal jelly       |       |       |       |     1 |     1 |       |       |       |     4 ||     6
       Bread ration      |       |       |       |       |       |       |     1 |       |       ||     1
       Meat ration       |       |       |       |       |       |       |       |       |     2 ||     2
       Fruit             |       |       |       |       |       |       |       |       |     1 ||     1
Armor: Scale mail        |   136 |    58 |       |       |       |       |       |       |       ||   194
       Chain mail        |       |    83 |   252 |   300 |    73 |       |       |       |       ||   708
       Plate armour      |       |       |       |       |    47 |       |       |       |       ||    47
       Storm dragon scal |       |       |       |       |   383 |   708 |   749 |       |       ||  1840
       Gold dragon scale |       |       |       |       |       |       |   191 |   866 |  1760 ||  2817
Dodge: Dodged            |    70 |    80 |   134 |   156 |   360 |   599 |   802 |   457 |   808 ||  3466
Block: Shield            |   115 |   169 |   298 |   376 |  1125 |  1294 |  1758 |   825 |       ||  5960
       Large shield      |       |       |       |       |       |       |       |   877 |  3792 ||  4669
